 Dungeon Crawl Stone Soup version 0.29-a0-340-g6efceafd81 (webtiles) character file.

Game seed: 8308101134939947180

4 siradein the Ruffian (level 1, 11/11 HPs)
             Began as a Vine Stalker Berserker on Apr 19, 2022.
             Was a Follower of Trog.
             Quit the game on level 1 of the Dungeon.
             The game lasted 00:00:46 (317 turns).

siradein the Ruffian (Vine Stalker Berserker)        Turns: 317, Time: 00:00:47

Health: 11/11      AC:  2    Str: 19    XL:     1   Next: 70%
Magic:  2/2        EV: 12    Int:  7    God:    Trog [*.....]
Gold:   3          SH:  0    Dex: 13    Spells: 0/0 levels left

rFire   . . .      SeeInvis .     - Unarmed
rCold   . . .      Faith    .   (no shield)
rNeg    . . .      Spirit   +   a - +0 animal skin
rPois   .          Reflect  .   (no helmet)
rElec   .          Harm     .   (no cloak)
rCorr   .          Rampage  .   (no gloves)
Will    .....                   (no boots)
Stlth   +.........              (no amulet)
HPRegen 0.03/turn               (no ring)
MPRegen 0.08/turn               (no ring)

@: no status effects
A: fangs 2, magic shield, antimagic bite, no potion heal 2
a: Renounce Religion, Berserk


You were on level 1 of the Dungeon.
You worshipped Trog.
Trog was aware of your devotion.
You visited 1 branch of the dungeon, and saw 1 of its levels.

You collected 3 gold pieces.

Inventory:

Armour
 a - a +0 animal skin (worn)


   Skills:
 + Level 2.7 Fighting
 + Level 1.7 Armour
 + Level 1.6 Dodging
 + Level 3.0 Unarmed Combat


You couldn't memorise any spells.
You didn't know any spells.
Your spell library was empty.

Dungeon Overview and Level Annotations

Branches:
Dungeon (1/15)

Altars:


Innate Abilities, Weirdness & Mutations

You have extremely sharp teeth.
When hurt, damage is shared between your health and your magic reserves.
Your bite disrupts and absorbs the magic of your enemies.
Potions cannot restore your health.


Message History

A ball python is nearby!
A ball python is nearby!
A ball python is nearby!
A ball python is nearby!
The ball python hisses angrily.
The ball python barely misses you. x2; The ball python closely misses you.
The ball python grabs you. The ball python constricts you.
You barely miss the ball python. Your bite misses the ball python.
The ball python bites you but does no damage.
The ball python constricts you.
You barely miss the ball python. Your bite misses the ball python.
The ball python bites you. The ball python constricts you.
You hit the ball python but do no damage.
The ball python barely misses you. The ball python constricts you.
You hit the ball python.
You kill the ball python!
Trog accepts your kill.
No target in view!
No target in view!
A ball python comes into view.
A ball python is nearby!
A ball python is nearby!
A ball python is nearby!
A ball python is nearby!
The ball python hisses angrily.
A giant cockroach comes into view.
Found a scroll labelled SYMET VODGHI.
You closely miss the ball python. You bite the ball python.
You kill the ball python!
Trog accepts your kill.
The giant cockroach waves its antennae.
The giant cockroach bites you but does no damage.
You see here a ball python corpse.
You hit the giant cockroach.
You kill the giant cockroach!
Trog accepts your kill.
No target in view!
No target in view!
No target in view!
Are you sure you want to abandon this character and quit the game? (Confirm with "yes".)

.#####..####. #
#............
..#............
.............#
.............#
.....?.......#.
................
.........#@...####
#.........#........
#.........#.....###
+.........#.....#
#.........#.....###
#####.................#
.......................
.......................
.............#######...


There were no monsters in sight!

Vanquished Creatures
  An endoplasm (D:1)
  A giant cockroach (D:1)
  2 ball pythons (D:1)
  A frilled lizard (D:1)
5 creatures vanquished.

Notes
Turn   | Place    | Note
-------+----------+-------------------------------------------
     0 | D:1      | siradein the Vine Stalker Berserker began the quest for the
                  | Orb.
     0 | D:1      | Reached XP level 1. HP: 11/11 MP: 2/2
   317 | D:1      | Quit the game

Illustrated notes

Levels and vault maps discovered:
D:1:      giann_horns, layout_basic, minivault_24

Action                   || total
-------------------------++-------
Melee: Unarmed           ||    11
       Bite              ||     2
Armor: Animal skin       ||     2
Dodge: Dodged            ||     6

Table legend: (Time is in decaauts)
 A = Elapsed time spent in this place.
 B = Non-inter-level travel time spent in this place.
 C = Inter-level travel time spent in this place.
 D = Time resting spent in this place.
 E = Time spent auto-exploring this place.
 F = Levels seen in this place.
 G = Mean time per level.
                   A        B        C        D        E       F      G
               +--------+--------+--------+--------+--------+-----+--------+
         Total |    316 |    316 |      0 |      0 |    285 |   1 |  316.0 |
       Dungeon |    316 |    316 |      0 |      0 |    285 |   1 |  316.0 |
               +--------+--------+--------+--------+--------+-----+--------+

Top non-repeatable levels by time:
     D:1: 316 daAuts
